 Dungeon Crawl Stone Soup version 0.29-a0-551-gffc1d7fb78 (webtiles) character file.

Game seed: 2893315036048214068

19095 vulpzor the Fencer (level 12, -8/116 HPs)
             Began as a Minotaur Fighter on June 5, 2022.
             Was the Champion of Lugonu.
             Killed by an exploding water moccasin (13 damage)
             ... ignited by their inner flame
             ... on level 4 of the Lair of Beasts.
             The game lasted 01:10:38 (10170 turns).

vulpzor the Fencer (Minotaur Fighter)              Turns: 10170, Time: 01:10:42

Health: -8/116     AC: 26    Str: 25    XL:     12   Next: 33%
Magic:  11/11      EV:  9    Int:  5    God:    Lugonu [******]
Gold:   579        SH:  0    Dex: 11    Spells: 11/11 levels left

rFire   . . .      SeeInvis +   f - +2 long sword (vorpal)
rCold   . . .      Faith    .   k - orb {light}
rNeg    . . .      Spirit   .   X - +4 plate armour
rPois   +          Reflect  .   a - +1 hat {SInv}
rElec   +          Harm     .   E - +0 cloak
rCorr   .          Rampage  .   e - +1 pair of gloves
Will    .....                   J - +1 pair of boots
Stlth   ..........              h - amulet of regeneration
HPRegen 1.09/turn               T - ring of poison resistance
MPRegen 0.12/turn               c - ring "Gijotum" {Fly rElec SInv}

@: flying, glowing
A: horns 2, retaliatory headbutt
a: Renounce Religion, Depart the Abyss, Bend Space, Banish, Corrupt, Enter the
Abyss, Brand Weapon With Distortion


You were on level 4 of the Lair of Beasts.
You worshipped Lugonu.
Lugonu was exalted by your worship.
You visited 2 branches of the dungeon, and saw 12 of its levels.

You collected 605 gold pieces.
You spent 26 gold pieces at shops.

Inventory:

Hand Weapons
 d - a +3 antimagic hand axe
 f - a +2 vorpal long sword (weapon)
 i - a +2 longbow of flaming
 v - a +0 mace of holy wrath
 z - a +2 war axe of freezing
 A - a +0 vorpal flail
 D - a +4 quarterstaff of chaos
 L - a +1 dagger of freezing
 N - a +1 vorpal morningstar
 Z - a +2 shortbow of flaming
Missiles
 I - a throwing net (quivered)
 Y - 3 datura-tipped darts
Armour
 a - a +1 hat of see invisible (worn)
 e - a +1 pair of gloves (worn)
 k - an orb of light (worn)
 E - a +0 cloak (worn)
 J - a +1 pair of boots (worn)
 O - +3 steam dragon scales
 U - a +1 plate armour
 X - a +4 plate armour (worn)
Magical Staves
 u - a staff of death
Jewellery
 c - the ring "Gijotum" (right hand) {Fly rElec SInv}
   (You acquired it on level 4 of the Lair of Beasts)

   [ring of flight]

   rElec:     It insulates you from electricity.
   SInv:      It lets you see invisible.
   Fly:       It grants you flight.
 h - an amulet of regeneration (around neck)
 s - an amulet of regeneration
 w - a +4 ring of protection
 y - an amulet of faith
 F - a ring of positive energy
 K - a ring of wizardry
 T - a ring of poison resistance (left hand)
 W - an amulet of the acrobat
Wands
 x - a wand of iceblast (17)
 M - a wand of flame (19)
Scrolls
 b - a scroll of noise
 j - 3 scrolls of amnesia
 q - a scroll of magic mapping
 H - 2 scrolls of teleportation
 P - 3 scrolls of brand weapon
 R - 5 scrolls of immolation
Potions
 l - 2 potions of invisibility
 o - 2 potions of haste
 p - a potion of lignification
 r - 7 potions of brilliance
 G - a potion of magic {unknown}
 Q - a potion of berserk rage {unknown}
 S - 4 potions of flight
 V - a potion of ambrosia {unknown}


   Skills:
 * Level 13.7 Fighting
 * Level 16.4 Long Blades
 - Level 2.9 Axes
 + Level 10.6 Armour
 + Level 4.7 Dodging
 + Level 1.4 Stealth
 - Level 5.0 Shields


You had 11 spell levels left.
You didn't know any spells.
Your spell library contained the following spells:

 Spells                   Type           Power      Damage    Failure   Level
 Foxfire                  Conj/Fire      0%         2x1d4     99%         1
 Leda's Liquefaction      Hex/Erth       0%         N/A       100%        4
 Lee's Rapid Deconstruct  Erth           0%         3d5*      100%        5
 Statue Form              Tmut/Erth      0%         N/A       100%        6


Dungeon Overview and Level Annotations

Branches:
Dungeon (8/15)             Temple (0/1) D:7            Lair (4/6) D:8
 Shoals (0/4) Lair:2        Snake (0/4) Lair:3

Altars:
Nemelex Xobeh
Lugonu

Shops:
D:4 ?

Annotations:
Lair:4 Kirke


Innate Abilities, Weirdness & Mutations

You have a pair of horns on your head.
You reflexively headbutt those who attack you in melee.


Message History

You feel sick.
You feel sick.
You feel sick.
You feel sick.
You are no longer poisoned.
It was a potion of lignification.
You feel woody for a moment. The water moccasin bites you!
* * * LOW HITPOINT WARNING * * *
You closely miss the water moccasin. The water moccasin bites you!
* * * LOW HITPOINT WARNING * * *
Unknown command.
It was a potion of attraction.
You feel attractive to monsters. The water moccasin barely misses you.
The water moccasin closely misses you.
As you read the scroll labelled XUKETU HELUSK, it crumbles to dust.
The creatures around you are filled with an inner flame!
It was a scroll of immolation.
The water moccasin barely misses you.
It was a potion of cancellation.
Your magical effects are unravelling.
You feel magically purged.
You feel less porcine.
Your +2 vorpal long sword unmelds from your body.
Your +0 cloak unmelds from your body.
Your +1 hat of see invisible unmelds from your body.
Your +1 pair of gloves unmelds from your body.
Your +1 pair of boots unmelds from your body.
Your orb of light unmelds from your body.
Your +4 plate armour unmelds from your body.
Your ring of poison resistance unmelds from your body.
The ring "Gijotum" {Fly rElec SInv} unmelds from your body.
You feel perceptive.
You feel rather light.
You feel yourself speed up.
You feel yourself slow down. The water moccasin closely misses you.
You feel less attractive to monsters.
You slash the water moccasin!
Flame seeps out of the water moccasin. x2
The water moccasin is severely wounded.
The water moccasin is engulfed in blazing flames.
Lugonu accepts your kill.
The water moccasin explodes!
The fiery explosion engulfs you!
You die...

..@..........# #
..............#
.###............#
#..(#...........###
#......##....§....#
#....#.....§...<...
#..........§§§..#..
#.§§.....§§§§§...#
#@○§.....§§§§§..#
#..§.....§.§#
#.........#§#
##.......####
#.....### ##..####
#..## #.## ##


There were no monsters in sight!

Vanquished Creatures
  Gastronok (Lair:2)
  Nessos (Lair:4)
  A black mamba (Lair:2)
  Maggie (D:6)
  7 cane toads
  6 komodo dragons
  A polar bear (Lair:3)
  Grinder (D:3)
  4 blink frogs (Lair:1)
  Sigmund (D:2)
  30 yaks
  A wyvern (D:8)
  A hog (Lair:4)
  A basilisk (Lair:3)
  2 nagas (Lair:3)
  Duvessa (D:7)
  7 water moccasins
  2 ice beasts
  2 orc warriors
  3 sky beasts
  3 black bears
  5 wolves (Lair:3)
  6 centaurs
  An ogre (D:7)
  A phantom (D:6)
  A kobold brigand (D:7)
  5 bullfrogs
  3 scorpions
  2 necrophages (D:7)
  Dowan (D:7)
  2 electric eels
  2 hounds
  3 jellies
  2 gnoll shamans
  3 orc priests
  Crazy Yiuf (D:4)
  An iguana (D:6)
  12 orc wizards
  12 gnolls
  8 adders
  A shadow imp (D:5)
  A white imp (D:8)
  3 worms
  A dart slug (D:4)
  31 orcs
  7 ball pythons
  2 bats (D:3)
  6 endoplasms
  3 giant cockroaches
  2 goblins (D:1)
  5 hobgoblins
  11 jackals
  12 kobolds
  5 quokkas
  7 frilled lizards
  4 rats
249 creatures vanquished.

Vanquished Creatures (collateral kills)
  A hydra (Lair:1)
  2 rime drakes (Lair:1)
  A polar bear (Lair:1)
  A blink frog (Lair:1)
  3 yaks (Lair:1)
  3 hogs (Lair:4)
  An orc priest (D:6)
  2 orcs (D:6)
14 creatures vanquished.

Vanquished Creatures (others)
  39 fungi
  40 plants
79 creatures vanquished.

Grand Total: 342 creatures vanquished

Notes
Turn   | Place    | Note
-------+----------+-------------------------------------------
     0 | D:1      | vulpzor the Minotaur Fighter began the quest for the Orb.
     0 | D:1      | Reached XP level 1. HP: 19/19 MP: 0/0
   122 | D:1      | Reached XP level 2. HP: 26/27 MP: 1/1
   218 | D:1      | Found a faded altar of an unknown god.
   230 | D:1      | Got Plato's Papyrus of the Volcanoes
   231 | D:1      | Prayed at the altar of an unknown god.
   231 | D:1      | Became a worshipper of Lugonu the Unformed
   231 | D:1      | Reached * piety under Lugonu
   231 | D:1      | Reached ** piety under Lugonu
  1053 | D:2      | Reached XP level 3. HP: 33/33 MP: 2/2
  1319 | D:2      | Noticed Sigmund
  1333 | D:2      | Killed Sigmund
  1334 | D:2      | Reached skill level 5 in Fighting
  1334 | D:2      | Reached skill level 2 in Long Blades
  1334 | D:2      | Reached skill level 5 in Armour
  1334 | D:2      | Reached skill level 1 in Dodging
  1334 | D:2      | Reached XP level 4. HP: 42/42 MP: 3/3
  1334 | D:2      | Reached XP level 5. HP: 48/48 MP: 4/4
  1513 | D:3      | Noticed Grinder
  1525 | D:3      | Killed Grinder
  1526 | D:3      | Reached skill level 3 in Long Blades
  1526 | D:3      | Reached skill level 1 in Stealth
  1526 | D:3      | Reached XP level 6. HP: 22/56 MP: 5/5
  1982 | D:3      | Reached *** piety under Lugonu
  2386 | D:4      | Reached XP level 7. HP: 47/62 MP: 6/6
  2564 | D:4      | Found Nusawe's Magic Scroll Shop.
  2609 | D:4      | Bought a scroll of identify for 26 gold pieces
  2656 | D:4      | Reached skill level 4 in Long Blades
  3304 | D:4      | Found a runed translucent door.
  3305 | D:4      | Noticed Crazy Yiuf
  3311 | D:4      | Killed Crazy Yiuf
  3402 | D:4      | Reached skill level 5 in Long Blades
  3463 | D:5      | Entered Level 5 of the Dungeon
  3532 | D:5      | Found a sparkling altar of Nemelex Xobeh.
  3555 | D:5      | Reached skill level 5 in Shields
  3753 | D:5      | Reached **** piety under Lugonu
  4174 | D:6      | Reached XP level 8. HP: 41/71 MP: 7/7
  4237 | D:6      | Reached skill level 6 in Long Blades
  4427 | D:6      | Reached skill level 7 in Long Blades
  4477 | D:6      | Noticed Maggie
  4491 | D:6      | Killed Maggie
  4492 | D:6      | Reached skill level 8 in Long Blades
  4662 | D:6      | Reached XP level 9. HP: 80/81 MP: 8/8
  5002 | D:7      | Noticed Duvessa
  5005 | D:7      | Noticed Dowan
  5014 | D:7      | Killed Duvessa
  5015 | D:7      | Reached skill level 9 in Long Blades
  5020 | D:7      | Killed Dowan
  5337 | D:7      | Reached ***** piety under Lugonu
  5400 | D:7      | Reached skill level 10 in Long Blades
  5477 | D:7      | Found a staircase to the Ecumenical Temple.
  5984 | D:8      | Reached skill level 11 in Long Blades
  6015 | D:8      | Found a staircase to the Lair.
  6033 | D:8      | Reached skill level 12 in Long Blades
  6033 | D:8      | Reached XP level 10. HP: 91/91 MP: 9/9
  6280 | D:8      | Reached skill level 13 in Long Blades
  6291 | D:8      | Reached skill level 10 in Fighting
  6771 | Lair:1   | Entered Level 1 of the Lair of Beasts
  6784 | Lair:1   | Noticed an eight-headed hydra
  6809 | Lair:1   | Reached skill level 14 in Long Blades
  6818 | Lair:1   | Noticed a cane toad
  6820 | Lair:1   | Killed an 11-headed hydra
  6821 | Lair:1   | Reached XP level 11. HP: 39/101 MP: 10/10
  7047 | Lair:1   | You fall into a shaft and drop 1 floor!
  7070 | Lair:2   | Reached skill level 15 in Long Blades
  8059 | Lair:2   | Found a staircase to the Shoals.
  8599 | Lair:2   | Noticed Gastronok
  8621 | Lair:2   | Killed Gastronok
  8622 | Lair:2   | Reached skill level 16 in Long Blades
  8622 | Lair:2   | Reached skill level 10 in Armour
  8622 | Lair:2   | Reached XP level 12. HP: 79/115 MP: 11/11
  9242 | Lair:3   | Found a staircase to the Snake Pit.
  9253 | Lair:3   | Reached ****** piety under Lugonu
  9756 | Lair:4   | Noticed Nessos
  9792 | Lair:4   | HP: 4/115 [Nessos/arrow (3)]
  9794 | Lair:4   | HP: 1/115 [poisoned by Nessos]
  9798 | Lair:4   | Killed Nessos
  9959 | Lair:4   | Identified a scroll of acquirement
  9961 | Lair:4   | Acquired the ring "Gijotum" {Fly rElec SInv}
 10098 | Lair:4   | Noticed Kirke
 10166 | Lair:4   | HP: 1/116 [water moccasin (10)]
 10170 | Lair:4   | Killed by an exploding water moccasin... ignited by their
                  | inner flame

Illustrated notes

Levels and vault maps discovered:
D:1:      dpeg_arrival_water_temple_mockup, layout_basic,
          shapermc_ecumenical_altar_rom_forum, minmay_statues_item
D:2:      layout_rooms, uniq_sigmund
D:3:      layout_loops_ring, hex_tiny, uniq_grinder
D:4:      layout_gridville, serial_shops,
          nicolae_shop_temple_entry_statues_fountains, uniq_crazy_yiuf_cottage
D:5:      layout_loops_ring, mainiacjoe_overflow_chevrons
D:6:      layout_cave_pools, minmay_misc_feat_room, serial_bayou_lagoon_b,
          uniq_maggie
D:7:      layout_loops_ring, minmay_temple_entry_nine_rooms, uniq_duvessa
D:8:      layout_loops_ring, due_lair_maze_entry_diamond
Lair:1:   layout_hall_layers
Lair:2:   layout_cave_pods, minmay_shoals_entry_centaurs, uniq_gastronok
Lair:3:   layout_regular_city, guppyfry_snake_entry_island,
          serial_bayou_shore_a, lemuel_fruit_tree
Lair:4:   layout_cave_pods, uniq_nessos, uniq_kirke

Skill      XL: |  1  2  3  4  5  6  7  8  9 10 11 |
---------------+----------------------------------+-----
Fighting       | 4 5 6 8 9 10 13 | 13.7
Shields        | 4 5 |  5.0
Armour         | 4 5 6 7 10 | 10.6
Long Blades    | 2 3 5 8 12 14 16 | 16.4
Dodging        | 1 2 3 4 |  4.7
Stealth        | 1 |  1.4
Axes           | |  2.9

Action                   |  1- 3 |  4- 6 |  7- 9 | 10-12 || total
-------------------------+-------+-------+-------+-------++-------
Melee: War axe           |    66 |       |       |       ||    66
       Headbutt          |     9 |     5 |    62 |   131 ||   207
       Long sword        |     9 |    60 |   280 |   365 ||   714
       Unarmed           |       |       |       |     4 ||     4
  Use: Scroll            |     6 |       |    13 |    13 ||    32
       Potion            |       |     2 |     1 |    13 ||    16
Armor: Scale mail        |    33 |    33 |    92 |       ||   158
       Steam dragon scal |       |       |    38 |       ||    38
       Plate armour      |       |       |    17 |   256 ||   273
Dodge: Dodged            |    41 |    39 |   172 |   177 ||   429
Block: Buckler           |    19 |    16 |    17 |       ||    52

Table legend: (Time is in decaauts)
 A = Elapsed time spent in this place.
 B = Non-inter-level travel time spent in this place.
 C = Inter-level travel time spent in this place.
 D = Time resting spent in this place.
 E = Time spent auto-exploring this place.
 F = Levels seen in this place.
 G = Mean time per level.
                   A        B        C        D        E       F      G
               +--------+--------+--------+--------+--------+-----+--------+
         Total |  10168 |  10168 |      0 |    585 |   3333 |  12 |  847.3 |
       Dungeon |   6830 |   6830 |      0 |    364 |   2625 |   8 |  853.8 |
          Lair |   3338 |   3338 |      0 |    221 |    708 |   4 |  834.5 |
               +--------+--------+--------+--------+--------+-----+--------+

Top non-repeatable levels by time:
     D:4: 1125 daAuts
  Lair:2: 1107 daAuts
     D:1: 1069 daAuts
  Lair:3: 918 daAuts
  Lair:1: 880 daAuts
     D:7: 880 daAuts
     D:8: 872 daAuts
     D:6: 853 daAuts
     D:5: 696 daAuts
     D:3: 693 daAuts
     D:2: 640 daAuts
  Lair:4: 431 daAuts
